 Dungeon Crawl Stone Soup version 0.30.2 (webtiles) character file.

Game seed: 3343620817052056462

2428 porpoise the Skirmisher (level 9, -8/67 (71) HPs)
             Began as a Minotaur Hunter on Jan 29, 2024.
             Was a Follower of Hepliaklqana.
             Mangled by a wight
             ... wielding a +0 battleaxe
              (12 damage)
             ... on level 6 of the Dungeon.
             The game lasted 00:16:10 (5319 turns).

porpoise the Skirmisher (Minotaur Hunter)           Turns: 5319, Time: 00:16:11

HP:   -8/67 (71)    AC: 10    Str: 15    XL:     9   Next: 24%
MP:   10/10         EV: 11    Int:  6    God:    Hepliaklqana [*.....]
Gold: 343           SH:  0    Dex: 19    Spells: 8/8 levels left

rFire   . . .        a - +0 shortbow
rCold   . . .        (shield currently unavailable)
rNeg    . . .        i - +3 ring mail
rPois   .            (helmet restricted)
rElec   .            (no cloak)
rCorr   .            (no gloves)
SInv    .            x - +0 pair of boots
Will    .....        (no amulet)
Stlth   +            (no ring)
HPRegen 0.31/turn    (no ring)
MPRegen 0.12/turn

%: no passive effects
@: drained
A: reduced essence, horns 2, retaliatory headbutt
a: Renounce Religion, Recall Ancestor, Ancestor Identity


You were on level 6 of the Dungeon.
You worshipped Hepliaklqana.
Hepliaklqana was aware of your devotion.
You visited 1 branch of the dungeon, and saw 7 of its levels.

You collected 343 gold pieces.

Inventory:

Hand Weapons
 a - a +0 shortbow (weapon)
 b - a +2 dagger of draining
 w - a +0 dagger of venom
Missiles
 j - 9 poisoned darts
 n - 8 boomerangs
 y - 3 curare-tipped darts
Armour
 i - a +3 ring mail (worn)
 x - a +0 pair of boots (worn)
Jewellery
 m - an amulet of magic regeneration
 s - a ring of magical power
 u - a ring of flight
Scrolls
 c - 3 scrolls of teleportation
 h - a scroll of poison {unknown}
 l - a scroll of fog
 o - a scroll of noise {unknown}
 q - a scroll of amnesia
 r - 2 scrolls of immolation
 t - a scroll of summoning {unknown}
 v - a scroll of vulnerability {unknown}
 C - a scroll of fear
 D - a scroll of torment {unknown}
Potions
 d - a potion of flight {unknown}
 e - a potion of mutation {unknown}
 f - a potion of attraction {unknown}
 g - 2 potions of heal wounds {unknown}
 k - 4 potions of ambrosia
 p - 6 potions of curing
 z - a potion of invisibility {unknown}
 A - a potion of haste {unknown}
 B - a potion of degeneration {unknown}
 E - a potion of berserk rage {unknown}
 F - a potion of might {unknown}


   Skills:
 - Level 7.0 Fighting
 * Level 11.4 Ranged Weapons
 + Level 4.8 Armour
 - Level 2.1 Dodging
 - Level 0.7 Stealth
 + Level 3.4 Invocations


You had 8 spell levels left.
You didn't know any spells.
Your spell library contained the following spells:

 Spells                   Type           Power      Damage    Failure   Level
 Dazzling Flash           Conj/Hex       0%         N/A       95%         3
 Agony                    Necr           0%         N/A       100%        5
 Silence                  Hex/Air        0%         N/A       100%        5


Dungeon Overview and Level Annotations

Branches:
Dungeon (7/15)             Temple (0/1) D:4

Altars:
Dithmenos
Elyvilon
Hepliaklqana
Qazlal
Vehumet
Yredelemnul

Shops:
D:3 (


Innate Abilities, Weirdness & Mutations

Your life essence is reduced to manifest your ancestor. (-10% HP)
You have a pair of horns on your head.
You reflexively headbutt those who attack you in melee.


Message History

The arrow hits the wight but does no damage.
The wight is heavily damaged.
The wight hits you but does no damage. The wight closely misses you.
The wight barely misses you.
You shoot an arrow. The arrow closely misses the wight.
The wight hits you from afar with a +1 spear of flaming.
The wight burns you. The wight hits you with a +0 battleaxe.
The wight hits you with a +2 long sword of electrocution!
The wight hits you with a +0 battleaxe! The wight attacks as you move away!
The wight hits you with a +0 battleaxe!
You feel drained.
You are too injured to fight recklessly!
You shoot an arrow.
The arrow hits the wight but does no damage.
The wight hits you with a +0 battleaxe.
You sense an unholy aura.
b - a +2 dagger of draining (weapon)
a - a +0 shortbow (weapon)
The wight hits you but does no damage.
You shoot an arrow. The arrow barely misses the wight.
The arrow closely misses the wight.
The arrow hits the wight.
The wight is moderately damaged.
The wight hits you with a +0 battleaxe.
* * * LOW HITPOINT WARNING * * *
You feel drained.
You shoot an arrow. The arrow hits the wight!
The wight is heavily damaged.
The wight hits you with a +0 battleaxe!
* * * LOW HITPOINT WARNING * * *
Okay, then.
You can't see any enemies this would affect, really read the scroll of fear?
Okay, then.
As you read the scroll labelled NUSHRY IDIAR, it crumbles to dust.
The scroll dissolves into smoke.
It was a scroll of fog.
The wight closely misses you.
As you read the scroll labelled RYSHRA HANAOPT, it crumbles to dust.
It is a scroll of amnesia.
You feel forgetful for a moment. The wight closely misses you.
The wight attacks as you move away! The wight hits you with a +0 battleaxe!
You die...

.# .# #.......# #... . .#
#.......# ...8 .#.#
#.......# !.... ...#
#.......# ...8.##..#
#.......# .........
##.#.##.# ...8..#)#
###.#.##.##
....$...###§§.......# #
##....#zzz@§§...##..####.#
#### #####§§............#
#§§....<..##.....
#....####.##.####
#.........##.#
####...#####.##.. #...#
#.##.# #...# #.##.# #...#
#.....


You could see 2 wights.

Vanquished Creatures
  An acid dragon (D:5)
  A black bear (D:6)
  An ice beast (D:5)
  4 ogres
  A centaur (D:6)
  A phantom (D:5)
  6 scorpions
  2 wights (D:6)
  4 jellies
  A howler monkey (D:5)
  4 orc priests
  4 hounds (D:5)
  4 iguanas
  6 orc wizards
  4 gnolls (D:3)
  7 adders
  A white imp (D:7)
  3 ufetubi
  A worm (D:2)
  2 dart slugs
  28 orcs
  6 endoplasms
  4 giant cockroaches
  11 goblins
  13 hobgoblins
  2 jackals (D:1)
  3 kobolds
  6 quokkas
  9 ball pythons
  9 bats
  3 frilled lizards
  6 rats
158 creatures vanquished.

Vanquished Creatures (collateral kills)
  Sigmund (D:5)
  An ogre (D:6)
  2 adders (D:5)
  3 orcs (D:5)
  A quokka (D:5)
8 creatures vanquished.

Vanquished Creatures (others)
  2 ancestors
2 creatures vanquished.

Grand Total: 168 creatures vanquished

Notes
Turn   | Place    | Note
-------+----------+-------------------------------------------
     0 | D:1      | porpoise the Minotaur Hunter began the quest for the Orb.
     0 | D:1      | Reached XP level 1. HP: 18/18 MP: 0/0
   118 | D:1      | Reached XP level 2. HP: 24/25 MP: 1/1
   147 | D:1      | Reached skill level 1 in Armour
   354 | D:1      | Found a faded altar of an unknown god.
   357 | D:1      | Reached skill level 5 in Ranged Weapons
   365 | D:1      | Reached XP level 3. HP: 30/30 MP: 2/2
   914 | D:2      | Noticed a scorpion
   919 | D:2      | Killed a scorpion
   920 | D:2      | Reached XP level 4. HP: 36/40 MP: 3/3
  1236 | D:2      | Reached skill level 6 in Ranged Weapons
  1411 | D:3      | Found a radiant altar of Vehumet.
  1411 | D:3      | Found a shadowy altar of Dithmenos.
  1480 | D:3      | Reached XP level 5. HP: 46/46 MP: 4/4
  1840 | D:3      | Found Fubrayf's Antique Weapon Shop.
  2418 | D:4      | Reached XP level 6. HP: 34/53 MP: 5/5
  2683 | D:4      | Reached skill level 7 in Ranged Weapons
  2810 | D:4      | You fall into a shaft and drop 3 floors!
  2945 | D:6      | Reached skill level 5 in Fighting
  3042 | D:6      | Reached XP level 7. HP: 58/61 MP: 6/6
  3069 | D:6      | Found a white marble altar of Elyvilon.
  3069 | D:6      | Found a hazy altar of Hepliaklqana.
  3074 | D:6      | Found a stormy altar of Qazlal.
  3074 | D:6      | Found a basalt altar of Yredelemnul.
  3079 | D:6      | Became a worshipper of Hepliaklqana the Forgotten
  3154 | D:5      | Entered Level 5 of the Dungeon
  3166 | D:5      | Reached skill level 8 in Ranged Weapons
  3484 | D:4      | Found a staircase to the Ecumenical Temple.
  3648 | D:4      | Reached skill level 9 in Ranged Weapons
  4085 | D:5      | Reached * piety under Hepliaklqana
  4246 | D:5      | Reached XP level 8. HP: 63/63 MP: 7/7
  4276 | D:5      | Noticed Sigmund
  4290 | D:5      | Killed Sigmund
  4313 | D:5      | Reached skill level 10 in Ranged Weapons
  4417 | D:5      | Reached skill level 1 in Invocations
  4835 | D:5      | Reached skill level 11 in Ranged Weapons
  4835 | D:5      | Reached XP level 9. HP: 71/71 MP: 8/10
  5316 | D:6      | HP: 3/67 [wight/+0 battleaxe (14)]
  5319 | D:6      | Mangled by a wight

Illustrated notes

Levels and vault maps discovered:
D:1:      matt_arrival_los_fun, layout_basic, basic_ecumenical_altar,
          chequers_arboretum
D:2:      layout_loops_ring
D:3:      layout_basic, gammafunk_temple_overflow_wave, serial_shops, shop
D:4:      layout_loops_corners, temple_doors_e
D:5:      kennysheep_windowed_halls, layout_gridville, uniq_sigmund
D:6:      layout_loops_cross, chequers_temple_overflow_statue_of_worship,
          nicolae_ru_sacrificial_ziggurat, eat_drink_and_be_merry_uskayaw,
          portal_sewer_entry_b
D:7:      layout_loops_ring, hellmonk_ghost_happy_afterlife,
          minmay_misc_feat_ornament, minmay_misc_feat_square

Skill      XL: |  1  2  3  4  5  6  7  8  9 |
---------------+----------------------------+-----
Armour         | 1 2 4 |  4.8
Ranged Weapons | 5 6 7 9 11 | 11.4
Fighting       | 3 4 5 6 7 |  7.0
Invocations    | 2 3 |  3.4
Dodging        | |  2.1
Stealth        | |  0.7

Action                     |  1- 3 |  4- 6 |  7- 9 || total
---------------------------+-------+-------+-------++-------
  Melee: Dagger            |       |    16 |    28 ||    44
         Headbutt          |       |     5 |     7 ||    12
         Punch             |       |       |     2 ||     2
   Fire: Shortbow          |   121 |   171 |   198 ||   490
 Invoke: Ancestor Identity |       |       |     1 ||     1
    Use: Scroll            |       |     5 |     2 ||     7
 Armour: Leather armour    |     7 |       |       ||     7
         Ring mail         |     7 |    42 |    31 ||    80
  Dodge: Dodged            |    28 |    56 |    55 ||   139
